 Dungeon Crawl Stone Soup version 0.16.1-11-g651b585 (webtiles) character file.

51 Chiseanne the Magician (level 3, -3/24 HPs)
             Began as a Mummy Wanderer on Mar 30, 2015.
             Slain by a worm (8 damage)
             ... on level 2 of the Dungeon.
             The game lasted 00:05:43 (3220 turns).

Chiseanne the Magician (Mummy Wanderer)             Turns: 3220, Time: 00:05:43

Health: -3/24      AC:  4    Str: 14    XL:     3   Next: 58%
Magic:  1/11       EV: 11    Int: 12    God:
Gold:   108        SH:  0    Dex: 12    Spells: 5 memorised, 1 level left

rFire  x . .     SeeInvis .     e - +0 club
rCold  + . .     Clarity  .     d - +0 robe
rNeg   + + +     SustAb   .     (no shield)
rPois  ∞         Gourm    .     (no helmet)
rElec  .         Spirit   .     f - +1 cloak
rCorr  .         Warding  .     (no gloves)
rMut   .         Stasis   .     (no boots)
MR     .....                    (no amulet)
Stlth  +.........               (no ring)
                                (no ring)

@: repel missiles, not resistant to hostile enchantments, very unstealthy
A: no food or potions, fire vulnerability, restore body, cold resistance 1,
negative energy resistance 3, poison resistance, torment resistance, unbreathing
a: no special abilities


You were on level 2 of the Dungeon.
You were not hungry.

You visited 1 branch of the dungeon, and saw 2 of its levels.

You collected 108 gold pieces.

Inventory:

Hand weapons
 e - a +0 club (weapon)
Armour
 d - a +0 robe (worn)
 f - a +1 cloak (worn)
Books
 a - a book of Minor Magic

   Spells                             Type                      Level
   a - Magic Dart                     Conjuration                  1
   b - Blink                          Translocation                2
   c - Call Imp                       Summoning                    2
   d - Repel Missiles                 Charms/Air                   2
   e - Slow                           Hexes                        2
   f - Conjure Flame                  Conjuration/Fire             3
   g - Mephitic Cloud                 Conjuration/Poison/Air       3
 b - the Disquisition on Conjuration and Fire

   Spells                             Type                      Level
   a - Flame Tongue                   Conjuration/Fire             1
   b - Conjure Flame                  Conjuration/Fire             3
 c - the Disquisition on the Glacier

   Spells                             Type                      Level
   a - Freeze                         Ice                          1
   b - Throw Frost                    Conjuration/Ice              2


   Skills:
   Level 1.0 Shields
 * Level 5.0 Spellcasting
 * Level 1.3 Conjurations
 - Level 1.5 Translocations
 - Level 1.0 Fire Magic
   Level 1.0 Evocations


You had one spell level left.
You knew the following spells:

 Your Spells              Type           Power        Failure   Level  Hunger
a - Magic Dart            Conj           #...         12%         1    N/A
b - Repel Missiles        Chrm/Air       #.....       34%         2    N/A
c - Blink                 Tloc           N/A          17%         2    N/A
d - Conjure Flame         Conj/Fire      #.......     43%         3    N/A
e - Mephitic Cloud        Conj/Pois/Air  #.......     56%         3    N/A

Dungeon Overview and Level Annotations

Branches:
Dungeon (2/15)

Altars:
Elyvilon


Innate Abilities, Weirdness & Mutations

You do not eat or drink.
Your flesh is vulnerable to fire.
Your flesh is cold resistant.
You are immune to negative energy.
Your system is resistant to poisons.
You are immune to unholy pain and torment.
You can survive without breathing.


Message History

Confirm with . or Enter, or press ? or * to list all spells.
You don't have enough magic to cast that spell.
Casting: Magic Dart
Confirm with . or Enter, or press ? or * to list all spells.
You don't have enough magic to cast that spell.
Casting: Magic Dart
Confirm with . or Enter, or press ? or * to list all spells.
You don't have enough magic to cast that spell.
You see here a hobgoblin corpse.
You barely miss the worm.
The worm is almost dead.
The worm barely misses you.
You hit the worm.
The worm is almost dead.
The worm bites you.
* * * LOW HITPOINT WARNING * * *
You barely miss the worm.
The worm is almost dead.
The worm bites you!
You die...

#.# #.# #.#
##### #.# .....
#.# ##### #.#
#†# #.# #@# #w#
. #.# .... #.#
..(. #.# ...
##### #†# [.#
#...# #.# ..#
.. #...#
#.#####..#...#
##...####
#...†.........#


You could see a worm.

Vanquished Creatures
  An adder (D:2)
  A worm (D:2)
  5 bats
  4 goblins
  7 hobgoblins
  A ball python (D:2)
  4 giant cockroaches
  A giant gecko (D:1)
  2 giant newts (D:1)
  5 kobolds
  5 rats
36 creatures vanquished.

Notes
Turn   | Place    | Note
--------------------------------------------------------------
     0 | D:1      | Chiseanne, the Mummy Wanderer, began the quest for the Orb.
     0 | D:1      | Chiseanne set off with: a book of Minor Magic, the Disquisition on Conjuration and Fire, the Disquisition on the Glacier, a +0 robe, a +0 club
     0 | D:1      | Reached XP level 1. HP: 13/13 MP: 5/5
     0 | D:1      | Identified the Disquisition on Conjuration and Fire
     0 | D:1      | Identified the Disquisition on the Glacier
     2 | D:1      | Learned a level 1 spell: Magic Dart
   792 | D:1      | Reached XP level 2. HP: 13/19 MP: 0/7
  2457 | D:2      | Reached XP level 3. HP: 21/24 MP: 3/10
  2562 | D:2      | Learned a level 2 spell: Repel Missiles
  2565 | D:2      | Learned a level 2 spell: Blink
  2569 | D:2      | Learned a level 3 spell: Conjure Flame
  2573 | D:2      | Learned a level 3 spell: Mephitic Cloud
  2946 | D:2      | Found a white marble altar of Elyvilon.
  3149 | D:2      | HP: 1/24 [ball python (1)]
  3151 | D:2      | Reached skill level 5 in Spellcasting
  3220 | D:2      | Slain by a worm

Action                   || total
-------------------------++-------
Melee: Club              ||    68
 Cast: Magic Dart        ||   106
       Repel Missiles    ||     1
  Use: Scroll            ||     6
